 Dungeon Crawl Stone Soup version 0.28.0-53-g5a82cb258f (webtiles) character file.

Game seed: 3270766744531568248

163 Eitelfritz the Chucker (level 5, -5/54 HPs)
             Began as an Ogre Hunter on Aug 19, 2022.
             Killed from afar by an orc wizard (7 damage)
             ... with a magic dart
             ... on level 3 of the Dungeon.
             The game lasted 00:04:35 (2385 turns).

Eitelfritz the Chucker (Ogre Hunter)                Turns: 2385, Time: 00:04:36

Health: -5/54      AC:  3    Str: 18    XL:     5   Next: 44%
Magic:  5/5        EV: 10    Int: 12    God:
Gold:   106        SH:  0    Dex:  9    Spells: 4/4 levels left

rFire   . . .      SeeInvis .   a - +0 whip
rCold   . . .      Faith    .   (no shield)
rNeg    . . .      Spirit   .   b - +0 robe
rPois   .          Reflect  .   (helmet restricted)
rElec   .          Harm     .   (no cloak)
rCorr   .          Rampage  .   (gloves unavailable)
Will    .....                   (boots unavailable)
Stlth   +.........              (no amulet)
HPRegen 0.18/turn               (no ring)
MPRegen 0.09/turn               (no ring)

@: no status effects
A: large, unfitting armour, tough skin 1
a: no special abilities


You were on level 3 of the Dungeon.
You visited 1 branch of the dungeon, and saw 3 of its levels.

You collected 106 gold pieces.

Inventory:

Hand Weapons
 a - a +0 whip (weapon)
 e - a +0 short sword
Missiles
 c - a large rock (quivered)
 d - 2 throwing nets
Armour
 b - a +0 robe (worn)
Scrolls
 f - 2 scrolls of identify {unknown}
 h - a scroll of teleportation {unknown}
 i - 2 scrolls of immolation {unknown}
 l - a scroll of silence {unknown}
Potions
 g - a potion of attraction {unknown}
 j - 2 potions of degeneration {unknown}
 k - 3 potions of curing {unknown}
 m - 2 potions of might {unknown}
 n - a potion of magic {unknown}


   Skills:
 + Level 3.7 Fighting
 + Level 1.3 Maces & Flails
 + Level 5.6 Throwing
 + Level 2.2 Dodging
 + Level 1.0 Stealth


You had 4 spell levels left.
You didn't know any spells.
Your spell library was empty.

Dungeon Overview and Level Annotations

Branches:
Dungeon (3/15)

Altars:

Shops:
D:1 ?


Innate Abilities, Weirdness & Mutations

You are too large for most types of armour.
You have tough skin. (AC +1)


Message History

The orc priest is almost dead.
The orc priest hits you with a +0 club. The orc wizard closely misses you.
The orc hits you with a +2 dagger of electrocution.
* * * LOW HITPOINT WARNING * * *
You closely miss the orc. The orc priest hits you with a +0 club.
* * * LOW HITPOINT WARNING * * *
The orc wizard hits you with a +0 dagger.
* * * LOW HITPOINT WARNING * * *
The orc barely misses you. The orc priest hits you with a +0 club.
* * * LOW HITPOINT WARNING * * *
You hit the orc.
The orc is lightly wounded.
The orc wizard closely misses you.
The orc hits you with a +2 dagger of electrocution.
* * * LOW HITPOINT WARNING * * *
The orc priest closely misses you.
You hit the orc.
The orc is severely wounded.
The orc wizard misses you.
The orc hits you with a +2 dagger of electrocution.
* * * LOW HITPOINT WARNING * * *
The orc priest casts a cantrip, but nothing happens.
You hit the orc priest.
You kill the orc priest!
The orc wizard hits you but does no damage.
The orc hits you with a +2 dagger of electrocution.
* * * LOW HITPOINT WARNING * * *
Your Stealth skill increases to level 1!
You hit the orc.
You kill the orc!
The orc wizard completely misses you.
You closely miss the orc wizard.
The orc wizard is heavily wounded.
The orc wizard hits you with a +0 dagger.
* * * LOW HITPOINT WARNING * * *
You hit the orc wizard.
The orc wizard is heavily wounded.
The orc wizard gestures at you while chanting.
The magic dart hits you!
You die...

... .# ... ####.#
..(. ..#.### ..(..
#.....#
.#...####.....#
..(...b.....>.#
#.....o##.....######
......)@............
......)##.......#
....... #.###.#.##
.#..... #.##.....# #
##.##.
#.##..#..##.##. ##
#. #.............#
#... .:
#......[.....# #...#
## ##.#..#.####.#
#...# #.##.#.#


You could see an orc wizard and a bat.

Vanquished Creatures
  An orc priest (D:3)
  Natasha (thrice) (D:2)
  2 adders (D:2)
  A dart slug (D:1)
  2 orcs (D:3)
  5 ball pythons
  5 bats
  An endoplasm (D:3)
  2 giant cockroaches
  3 goblins
  3 hobgoblins
  2 jackals (D:1)
  2 kobolds
  A quokka (D:3)
  A frilled lizard (D:2)
  7 rats
41 creatures vanquished.

Notes
Turn   | Place    | Note
-------+----------+-------------------------------------------
     0 | D:1      | Eitelfritz the Ogre Hunter began the quest for the Orb.
     0 | D:1      | Reached XP level 1. HP: 22/22 MP: 1/1
   131 | D:1      | Reached XP level 2. HP: 29/29 MP: 2/2
   501 | D:1      | Found Wybe's Magic Scroll Boutique.
   802 | D:2      | Reached XP level 3. HP: 8/37 MP: 3/3
  1607 | D:2      | Noticed Natasha
  1610 | D:2      | Killed Natasha
  1611 | D:2      | Reached skill level 5 in Throwing
  1611 | D:2      | Reached XP level 4. HP: 45/45 MP: 4/4
  1628 | D:2      | Noticed Natasha
  1640 | D:2      | Killed Natasha
  1703 | D:2      | Noticed Natasha
  1704 | D:2      | Killed Natasha
  1705 | D:2      | Reached skill level 1 in Maces & Flails
  1705 | D:2      | Reached XP level 5. HP: 38/53 MP: 5/5
  2382 | D:3      | HP: 2/53 [orc/+2 dagger of electrocution (2)]
  2383 | D:3      | Reached skill level 1 in Stealth
  2385 | D:3      | Killed from afar by an orc wizard

Illustrated notes

Levels and vault maps discovered:
D:1:      lightli_arrival_flooded_house, layout_basic, serial_shops, shop
D:2:      layout_basic, serial_corexii_hall, corexii_hall_statues_l,
          chequers_hall_statues_y, uniq_natasha
D:3:      layout_loops_cross, gammafunk_ghost_cemetery

Skill      XL: |  1  2  3  4  5 |
---------------+----------------+-----
Fighting       | 3 |  3.7
Dodging        | 2 |  2.2
Throwing       | 5 |  5.6
Maces & Flails | 1 |  1.3
Stealth        | 1 |  1.0

Action                   |  1- 3 |  4- 6 || total
-------------------------+-------+-------++-------
Melee: Short sword       |     3 |       ||     3
       Whip              |    39 |    32 ||    71
       Punch             |     1 |       ||     1
Throw: Large rock        |    30 |     5 ||    35
       Throwing net      |     1 |       ||     1
Armor: Robe              |    10 |     5 ||    15
Dodge: Dodged            |    20 |    17 ||    37
